 Dungeon Crawl Stone Soup version 0.32-a0-135-g14f8b2e1af (webtiles) character file.

Game seed: 5964670266781759890

1102 Dirtsage the Changeling (level 8, -5/54 HPs)
             Began as an Octopode Shapeshifter on Feb 10, 2024.
             Killed from afar by an electric eel (11 damage)
             ... with a bolt of electricity
             ... on level 6 of the Dungeon.
             The game lasted 00:08:42 (4839 turns).

Dirtsage the Changeling (Octopode Shapeshifter)     Turns: 4839, Time: 00:08:42

Health: -5/54      AC:  1    Str: 13    XL:     8   Next: 32%
Magic:  8/8        EV: 14    Int: 13    God:
Gold:   251        SH:  0    Dex: 13    Spells: 7/7 levels left

rFire   . .          .
                       - Unarmed
rCold   . . .        (no shield)
rNeg    . . .        (helmet currently unavailable)
rPois   .            (no amulet)
rElec   .            (no ring)
rCorr   .            (no ring)
SInv    .            (no ring)
Will    .....        (no ring)
Stlth   ++           (no ring)
HPRegen 0.29/turn    (no ring)
MPRegen 0.11/turn    (no ring)
                     (no ring)

%: no passive effects
@: beast-form
A: beast (slay +3), almost no armour, amphibious, 8 rings, camouflage 1,
gelatinous body 1, (nimble swimmer 1), tentacles
a: Begin Untransformation


You were on level 6 of the Dungeon.
You were a hulking beast.
You visited 1 branch of the dungeon, and saw 6 of its levels.
You also visited: Ossuary.

You collected 335 gold pieces.
You spent 84 gold pieces at shops.

Inventory:

Missiles
 o - a throwing net (quivered)
Magical Staves
 f - a staff of conjuration
Talismans
 b - a beast talisman
 c - a flux talisman
Scrolls
 d - 2 scrolls of fog
 e - a scroll of noise
 g - 3 scrolls of fear
 r - a scroll of vulnerability
 t - 4 scrolls of teleportation
 z - a scroll of silence
Potions
 a - 2 potions of lignification
 h - a potion of haste
 i - a potion of invisibility {unknown}
 j - 2 potions of brilliance {unknown}
 k - a potion of mutation
 l - 3 potions of heal wounds
 m - a potion of degeneration {unknown}
 q - 2 potions of enlightenment {unknown}
 u - a potion of curing {unknown}
 v - a potion of berserk rage {unknown}
 w - 2 potions of experience {unknown}


   Skills:
 + Level 4.2 Fighting
 + Level 4.6 Dodging
 + Level 5.1 Unarmed Combat
 * Level 6.3 Shapeshifting


You had 7 spell levels left.
You didn't know any spells.
Your spell library contained the following spells:

 Spells                   Type           Power      Damage    Failure   Level
 Apportation              Tloc           0%         N/A       30%         1
 Ensorcelled Hibernation  Hex/Ice        0%         N/A       43%         2
 Jinxbite                 Hex            0%         N/A       43%         2
 Scorch                   Fire           0%         2d5       43%         2
 Sublimation of Blood     Necr           0%         N/A       43%         2
 Dazzling Flash           Conj/Hex       0%         N/A       67%         3
 Passwall                 Erth           0%         N/A       67%         3
 Swiftness                Air            0%         N/A       67%         3
 Volatile Blastmotes      Fire/Tloc      0%         2d10      67%         3
 Flame Wave               Conj/Fire      0%         2d4       97%         4
 Petrify                  Alch/Erth      0%         N/A       97%         4
 Vhi's Electric Charge    Tloc/Air       0%         N/A       97%         4
 Alistair's Intoxication  Alch           0%         N/A       100%        5
 Arcjolt                  Conj/Air       0%         1d10      100%        5
 Irradiate                Conj/Alch      0%         3d11      100%        5
 Starburst                Conj/Fire      0%         6d3       100%        6
 Summon Cactus Giant      Summ           0%         N/A       100%        6
 Maxwell's Capacitive Co  Air            0%         ∞         100%        8


Dungeon Overview and Level Annotations

Branches:
Dungeon (6/15)            Ossuary (visited)
 Temple: D:4-7

Altars:
Cheibriados
Elyvilon
Hepliaklqana
Sif Muna
Trog
Uskayaw
Zin

Shops:
D:3 ?

Annotations:
D:2 exclusion: door
D:4 2 runed translucent doors, Nebesus's ghost, weakling AtFi


Innate Abilities, Weirdness & Mutations

You are a hulking beast.
Your limbs bulge with bestial killing power. (Slay +3)
You cannot wear most types of armour.
You are amphibious.
You can wear up to eight rings at the same time.
Your skin changes colour to match your surroundings (Stealth+).
Your rubbery body absorbs attacks. (AC +1, EV +1)
((You are camouflaged when in or above water. (Stealth+)))
You have tentacles for arms and can constrict up to eight enemies at once.


Message History

You hear a splash.
Aiming: Paralyse
Press: ? - help, Shift-Dir - straight line, f - electric eel
Aim: an electric eel (water, chance to affect: 57%)
The electric eel resists with significant effort.
The electric eel shoots out a bolt of lightning at you!
The bolt of electricity hits you!
* * * LOW HITPOINT WARNING * * *
You take 16 damage, and have 14/54 hp.
MASSIVE DAMAGE!!
Aiming: Paralyse
Press: ? - help, Shift-Dir - straight line, f/p - electric eel
Aim: an electric eel (water, chance to affect: 57%)
The electric eel resists with significant effort.
A nearby plant withers and dies.
The electric eel shoots out a bolt of lightning at you!
The bolt of electricity hits you!
* * * LOW HITPOINT WARNING * * *
You take 10 damage, and have 4/54 hp.
Aiming: Paralyse
Press: ? - help, Shift-Dir - straight line, f/p - electric eel
Aim: an electric eel (water, chance to affect: 57%)
The electric eel resists with significant effort.
Aiming: Paralyse
Press: ? - help, Shift-Dir - straight line, f/p - electric eel
Aim: an electric eel (chance to affect: 57%)
The electric eel resists with significant effort.
Aiming: Paralyse
Press: ? - help, Shift-Dir - straight line, f/p - electric eel
Aim: an electric eel (water, chance to affect: 57%)
The electric eel resists with significant effort.
Aiming: Paralyse
Press: ? - help, Shift-Dir - straight line, f/p - electric eel
Aim: an electric eel (chance to affect: 57%)
The electric eel resists with significant effort.
The now-empty wand crumbles to dust.
The electric eel shoots out a bolt of lightning at you!
The bolt of electricity misses you.
The electric eel shoots out a bolt of lightning at you!
The bolt of electricity hits you!
You die...

♣P~~≈~≈≈≈≈~~♣
#~~~~~~≈~~S~#####
#~P~~P~PP~PP##...
#P~~PSP~~~~P##...
####~~~~~~~~P~~#....
##.##~~†~~~~P~~S.....
##....~~..P..~!.P#....
#..................#<.
##)..h............#...
####..†.....##....(.....
#....<......##..........
#............?..##.....#.
##..............#........
#.#.#$.....##.##........
#..#.###....##.###.......
#..##.. ###.## #.....##
#.. ... ## ......##


You could see an electric eel.

Vanquished Creatures
  An ogre (D:5)
  3 scorpions
  5 water moccasin zombies (Ossuary)
  A burial acolyte (Ossuary)
  An electric eel (D:6)
  A bombardier beetle (D:6)
  A hound (D:5)
  2 iguanas (D:5)
  3 orc wizards
  A bullfrog simulacrum (Ossuary)
  2 crocodile zombies (Ossuary)
  2 mummies (Ossuary)
  3 gnolls (D:5)
  4 adders
  A shadow imp (D:5)
  5 adder zombies (Ossuary)
  3 dart slugs
  6 orcs
  4 ball pythons
  7 endoplasms
  A giant cockroach (D:3)
  11 goblins
  17 hobgoblins
  14 kobolds
  12 quokkas
  3 bats
  4 frilled lizards
  5 gnoll zombies (Ossuary)
  3 jackal zombies (Ossuary)
  3 orc zombies (Ossuary)
  A quokka zombie (D:5)
  3 rats
  A rat zombie (D:5)
134 creatures vanquished.

Notes
Turn   | Place    | Note
-------+----------+-------------------------------------------
     0 | D:1      | Dirtsage the Octopode Shapeshifter began the quest for the
                  | Orb.
     0 | D:1      | Reached XP level 1. HP: 13/13 MP: 1/1
   141 | D:1      | Reached XP level 2. HP: 18/18 MP: 2/2
   742 | D:1      | Reached XP level 3. HP: 21/23 MP: 3/3
   801 | D:1      | Found a faded altar of an unknown god.
  1024 | D:2      | Found a shimmering blue altar of Sif Muna.
  1024 | D:2      | Found a bloodstained altar of Trog.
  1024 | D:2      | Found a white marble altar of Elyvilon.
  1024 | D:2      | Found a snail-covered altar of Cheibriados.
  1024 | D:2      | Found a hide-covered altar of Uskayaw.
  1024 | D:2      | Found a hazy altar of Hepliaklqana.
  1791 | D:3      | Found Herghy's Magic Scroll Shop.
  1797 | D:3      | Reached XP level 4. HP: 29/29 MP: 4/4
  1815 | D:3      | Bought a scroll of teleportation for 36 gold pieces
  1815 | D:3      | Bought a scroll of identify for 24 gold pieces
  1815 | D:3      | Bought a scroll of identify for 24 gold pieces
  2197 | D:3      | Reached skill level 4 in Shapeshifting
  2197 | D:3      | Reached XP level 5. HP: 18/34 MP: 5/5
  2384 | D:3      | Found a glowing silver altar of Zin.
  2653 | D:4      | Noticed a sky beast
  2868 | D:4      | Found a large runed translucent door.
  2868 | D:4      | Found a large runed translucent door.
  2870 | D:4      | Noticed Nebesus's ghost (weakling AtFi)
  2893 | D:4      | Reached XP level 6. HP: 41/41 MP: 6/6
  3367 | D:5      | Entered Level 5 of the Dungeon
  3462 | D:5      | Found a sand-covered staircase.
  3476 | Ossuary  | Entered an ossuary
  3516 | Ossuary  | Reached skill level 5 in Shapeshifting
  3516 | Ossuary  | Reached XP level 7. HP: 14/46 MP: 7/7
  3671 | Ossuary  | HP: 2/46 [crocodile zombie (7)]
  4162 | D:5      | Reached XP level 8. HP: 54/54 MP: 8/8
  4252 | D:5      | Reached skill level 6 in Shapeshifting
  4341 | D:5      | Reached skill level 5 in Unarmed Combat
  4839 | D:6      | Killed from afar by an electric eel

Illustrated notes

Levels and vault maps discovered:
D:1:      psy_arrival_conway, layout_basic,
          shapermc_ecumenical_altar_mp_vishouse, grunt_decor_clamped,
          chequers_hall_statues_y
D:2:      cheibrodos_fertilizer, layout_basic
D:3:      cheibrodos_greedy_goblins, layout_loops_ring, zin_scriptorium,
          serial_shops, nicolae_shop_tiny_waterfront, nrook_mini_vaults
D:4:      layout_gridville, ebering_ghost_disaster_area,
          nicolae_figureground_sparkle
D:5:      layout_rooms, enter_ossuary_4
D:6:      minmay_skewed_foursquare, layout_cave_pools,
          minmay_temple_entry_enclosed_plants, serial_bayou,
          serial_bayou_shore_b, serial_bayou_pond_d, serial_bayou_shore_b,
          serial_bayou_shore_b, serial_bayou_shore_a, minmay_between

Skill      XL: |  1  2  3  4  5  6  7  8 |
---------------+-------------------------+-----
Fighting       | 2 3 4 |  4.2
Shapeshifting  | 4 5 6 |  6.3
Dodging        | 3 4 |  4.6
Unarmed Combat | 4 5 |  5.1

Action                     |  1- 3 |  4- 6 |  7- 9 || total
---------------------------+-------+-------+-------++-------
  Melee: Unarmed           |    80 |   125 |   106 ||   311
         Constrict         |    22 |    38 |    24 ||    84
         Tentacles         |    11 |    29 |    26 ||    66
         Punch             |     5 |    10 |    11 ||    26
  Throw: Throwing net      |       |     1 |       ||     1
  Evoke: Wand              |       |     1 |     7 ||     8
    Use: Scroll            |       |     6 |     7 ||    13
         Potion            |       |       |     1 ||     1
   Stab: Sleeping          |    10 |     8 |       ||    18
         Paralysed         |       |     1 |     1 ||     2
 Armour: Skin              |    16 |    48 |    45 ||   109
  Dodge: Dodged            |    33 |    44 |    34 ||   111

Table legend: (Time is in decaauts)
 A = Elapsed time spent in this place.
 B = Non-inter-level travel time spent in this place.
 C = Inter-level travel time spent in this place.
 D = Time resting spent in this place.
 E = Time spent auto-exploring this place.
 F = Levels seen in this place.
 G = Mean time per level.
                   A        B        C        D        E       F      G
               +--------+--------+--------+--------+--------+-----+--------+
         Total |   4813 |   4670 |    143 |     54 |   3774 |   7 |  687.6 |
       Dungeon |   4280 |   4137 |    143 |     54 |   3376 |   6 |  713.3 |
       Ossuary |    533 |    533 |      0 |      0 |    398 |   1 |  533.0 |
               +--------+--------+--------+--------+--------+-----+--------+

Top non-repeatable levels by time:
     D:3: 914 daAuts
     D:1: 899 daAuts
     D:5: 832 daAuts
     D:4: 819 daAuts
     D:2: 767 daAuts
 Ossuary: 533 daAuts
     D:6: 48 daAuts
